 Dungeon Crawl Stone Soup version 0.18.1-6-gd335043 (webtiles) character file.

1285 shmeve the Cleaver (level 8, -6/111 HPs)
             Began as a Minotaur Berserker on May 19, 2016.
             Was a Priest of Trog.
             Mangled by an orc warrior
             ... wielding a +0 morningstar
              (11 damage)
             ... on level 6 of the Dungeon.
             The game lasted 00:08:18 (3966 turns).

shmeve the Cleaver (Minotaur Berserker)             Turns: 3966, Time: 00:08:19

Health: -6/111     AC: 11    Str: 28    XL:     8   Next: 29%
Magic:  7/7        EV: 10    Int:  5    God:    Trog [***...]
Gold:   330        SH:  3    Dex: 10    Spells: 0 memorised, 7 levels left

rFire  . . .     SeeInvis .     a - +0 hand axe
rCold  . . .     Gourm    .     e - +0 chain mail
rNeg   + . .     Faith    .     (no shield)
rPois  .         Spirit   .     (helmet restricted)
rElec  .         Dismiss  .     n - +0 cloak
rCorr  .         Reflect  +     (no gloves)
SustAt .         Harm     .     (no boots)
MR     .....                    s - +3 amulet of reflection
Stlth  ..........               (no ring)
                                D - ring of positive energy

@: berserking, very quick, not resistant to hostile enchantments, extremely
unstealthy
A: retaliatory headbutt, horns 2
a: Berserk, Trog's Hand, Burn Spellbooks, Renounce Religion


You were on level 6 of the Dungeon.
You worshipped Trog.
Trog was most pleased with you.
You were hungry.

You visited 1 branch of the dungeon, and saw 6 of its levels.

You collected 330 gold pieces.

Inventory:

Hand Weapons
 a - a +0 hand axe (weapon)
Armour
 e - a +0 chain mail (worn)
 n - a +0 cloak (worn)
Jewellery
 s - a +3 amulet of reflection (around neck)
 D - a ring of positive energy (left hand)
Scrolls
 b - 3 scrolls of fear {unknown}
 h - 3 scrolls of remove curse {unknown}
 i - 3 scrolls of teleportation {unknown}
 k - a scroll of recharging {unknown}
 l - 5 scrolls of identify {unknown}
 p - 2 scrolls of fog {unknown}
 q - a scroll of amnesia {unknown}
 r - a scroll of random uselessness {unknown}
 u - a scroll of magic mapping {unknown}
 w - a scroll of blinking {unknown}
 y - a scroll of immolation {unknown}
Potions
 d - a potion of berserk rage {unknown}
 f - a potion of haste {unknown}
 g - a potion of brilliance {unknown}
 t - 2 potions of cancellation {unknown}
 v - 3 potions of might {unknown}
 z - 2 potions of flight {unknown}
 A - a potion of heal wounds {unknown}
 B - 2 potions of degeneration {unknown}
 C - a potion of agility {unknown}
Comestibles
 c - 5 bread rations
 j - 6 meat rations
 m - a royal jelly
 o - a slice of pizza
 x - a beef jerky


   Skills:
 * Level 7.7 Fighting
 * Level 8.1 Axes
 + Level 5.1 Armour
 + Level 5.0 Dodging


You had 7 spell levels left.
You didn't know any spells.

Dungeon Overview and Level Annotations

Branches:
Dungeon (6/15)
 Temple: D:4-7

Altars:
Ashenzari
Cheibriados
Elyvilon
Ru
Vehumet
Yredelemnul

Shops:
D:6 =


Innate Abilities, Weirdness & Mutations

You reflexively headbutt those who attack you in melee.
You have a pair of horns on your head.


Message History

* * * LOW HITPOINT WARNING * * *
You barely miss the orc warrior.
The orc warrior is heavily wounded.
You closely miss something.
You hear some strange, mumbled words.
A magic dart appears from out of thin air!
The magic dart hits you!
* * * LOW HITPOINT WARNING * * *
The orc warrior hits you with a morningstar!
* * * LOW HITPOINT WARNING * * *
A red film seems to cover your vision as you go berserk!
You feel yourself moving faster!
You feel mighty!
You are feeling hungry.
You block something's attack.
Unknown command.
You slash the orc warrior! Your headbutt misses the orc warrior.
The orc warrior is almost dead.
You miss something.
The orc warrior hits you with a morningstar!
You die...

#.......###....#
#.######.#.###.#
#.#######.####.##
#.#..............
#.#.#####.####...
#.#.# #..# ≈
#.#.# ##.# .∩≈
###.#.#
###.#####5≈≈≈≈
#.....#
#.../.@oo..≈≈≈
#.#.###
#.#)###{######
#.#.# #.#.# .#
#.#.# # #.# .#
#.#.### #.# .#
#.#...## #.# ..
#.##)#.## #.. .#
#.#.###.## #. .#
#..## ##.#


You could see an orc warrior, an orc wizard and a crimson imp.

Vanquished Creatures
  The ghost of ShutUppercut the Slasher, an amateur OpFi (D:4)
  2 ice beasts (D:5)
  3 ogres
  A centaur (D:5)
  A giant frog (D:6)
  A howler monkey (D:5)
  A crimson imp (D:5)
  A hound (D:6)
  2 jellies
  A giant frog skeleton (D:5)
  2 orc priests
  An iguana (D:4)
  2 orc wizards
  A worker ant (D:5)
  A howler monkey zombie (D:6)
  A worker ant zombie (D:4)
  5 adders
  An ooze (D:1)
  An adder zombie (D:5)
  3 worms
  A dart slug (D:3)
  7 giant geckos
  16 orcs
  2 ball pythons (D:2)
  3 giant cockroaches
  2 goblins
  5 hobgoblins
  6 jackals
  3 bats
  A giant newt (D:4)
  5 kobolds
  7 rats
90 creatures vanquished.

Notes
Turn   | Place    | Note
--------------------------------------------------------------
     0 | D:1      | shmeve the Minotaur Berserker began the quest for the Orb.
     0 | D:1      | Reached XP level 1. HP: 19/19 MP: 0/0
   154 | D:1      | Reached XP level 2. HP: 24/27 MP: 1/1
   738 | D:2      | Reached XP level 3. HP: 34/34 MP: 2/2
   754 | D:2      | Reached skill level 4 in Axes
   789 | D:2      | Reached ** piety under Trog
  1226 | D:3      | Reached XP level 4. HP: 23/41 MP: 3/3
  1435 | D:3      | Reached skill level 5 in Fighting
  1620 | D:3      | Reached skill level 5 in Axes
  1800 | D:3      | Reached XP level 5. HP: 47/48 MP: 4/4
  2152 | D:4      | Noticed ShutUppercut's ghost (amateur OpFi)
  2168 | D:4      | Killed ShutUppercut's ghost
  2168 | D:4      | Reached skill level 6 in Axes
  2168 | D:4      | Reached XP level 6. HP: 41/57 MP: 5/5
  2294 | D:4      | Reached *** piety under Trog
  2659 | D:5      | Entered Level 5 of the Dungeon
  2732 | D:5      | Noticed an ice beast
  2746 | D:5      | Killed an ice beast
  2746 | D:5      | Reached XP level 7. HP: 23/64 MP: 6/6
  2951 | D:5      | Found a radiant altar of Vehumet.
  2951 | D:5      | Found a sacrificial altar of Ru.
  2951 | D:5      | Found a white marble altar of Elyvilon.
  3030 | D:5      | Found a basalt altar of Yredelemnul.
  3193 | D:5      | Found a shattered altar of Ashenzari.
  3204 | D:5      | Reached skill level 7 in Axes
  3259 | D:5      | Found a snail-covered altar of Cheibriados.
  3741 | D:5      | Reached XP level 8. HP: 73/73 MP: 7/7
  3935 | D:6      | Reached skill level 5 in Armour
  3943 | D:6      | Found Guggurui's Jewellery Shop.
  3949 | D:6      | Reached skill level 8 in Axes
  3949 | D:6      | Reached skill level 5 in Dodging
  3964 | D:6      | HP: 3/74 [orc warrior/morningstar (10)]
  3966 | D:6      | Mangled by an orc warrior

Skill      XL: |  1  2  3  4  5  6  7  8 |
---------------+-------------------------+-----
Fighting       | 4 5 6 7 |  7.7
Axes           | 4 5 6 7 8 |  8.1
Armour         | 3 4 5 |  5.1
Dodging        | 3 4 5 |  5.0

Action                   |  1- 3 |  4- 6 |  7- 9 || total
-------------------------+-------+-------+-------++-------
Melee: Hand axe          |    67 |    86 |   122 ||   275
       Headbutt          |    13 |    22 |    27 ||    62
Invok: Berserk           |       |     1 |     1 ||     2
       Burn Spellbooks   |       |     1 |       ||     1
Evoke: Wand              |       |       |     3 ||     3
  Eat: Chunk             |     1 |     4 |     4 ||     9
       Beef jerky        |       |       |     1 ||     1
Armor: Chain mail        |    43 |    51 |    44 ||   138
Dodge: Dodged            |    50 |    39 |    49 ||   138
Block: Other             |     4 |    13 |    13 ||    30
